 Dungeon Crawl Stone Soup version 0.27.1-2-g3b301248ec (webtiles) character file.

Game seed: 8403597097616626555

51 pkoi the Slasher (level 3, -5/30 HPs)
             Began as a Minotaur Gladiator on Sept 28, 2021.
             Killed by divine providence
             ... invoked by an orc priest
              (9 damage)
             ... on level 3 of the Dungeon.
             The game lasted 00:01:16 (1689 turns).

pkoi the Slasher (Minotaur Gladiator)               Turns: 1689, Time: 00:01:17

Health: -5/30      AC:  3    Str: 19    XL:     3   Next: 57%
Magic:  2/2        EV: 12    Int:  5    God:
Gold:   41         SH:  0    Dex: 11    Spells: 2/2 levels left

rFire    . . .     SeeInvis .   a - +0 long sword
rCold    . . .     Faith    .   (no shield)
rNeg     . . .     Spirit   .   b - +0 leather armour
rPois    .         Reflect  .   c - +0 hat
rElec    .         Harm     .   (no cloak)
rCorr    .         Rampage  .   (no gloves)
Will     .....                  (no boots)
Stlth    +.........             (no amulet)
HPRegen  0.10/turn              (no ring)
MPRegen  0.08/turn              (no ring)

@: no status effects
A: horns 2, retaliatory headbutt
a: no special abilities


You were on level 3 of the Dungeon.
You visited 1 branch of the dungeon, and saw 3 of its levels.

You collected 41 gold pieces.

Inventory:

Hand Weapons
 a - a +0 long sword (weapon)
Missiles
 d - 3 throwing nets (quivered)
 h - 19 poisoned darts
Armour
 b - a +0 leather armour (worn)
 c - a +0 hat (worn)
Jewellery
 j - a +6 ring of dexterity
Scrolls
 e - a scroll of enchant weapon {unknown}
 f - 2 scrolls of amnesia {unknown}
 g - a scroll of vulnerability {unknown}
 k - a scroll of fear {unknown}
 m - a scroll of noise {unknown}
Potions
 i - a potion of berserk rage {unknown}
 l - a potion of flight {unknown}


   Skills:
 - Level 2.4 Fighting
 + Level 5.6 Long Blades
 - Level 2.0 Throwing
 - Level 3.2 Dodging


You had 2 spell levels left.
You didn't know any spells.
Your spell library contained the following spells:

 Spells                   Type           Power      Damage    Failure   Level
 Frozen Ramparts          Ice            0%         1d2       88%         3
 Ice Form                 Ice/Tmut       0%         N/A       99%         4
 Summon Ice Beast         Ice/Summ       0%         N/A       99%         4


Dungeon Overview and Level Annotations

Branches:
Dungeon (3/15)

Altars:

Shops:
D:2 [


Innate Abilities, Weirdness & Mutations

You have a pair of horns on your head.
You reflexively headbutt those who attack you in melee.


Message History

The orc barely misses you. You furiously retaliate!
You headbutt the orc.
You riposte.
You barely miss the orc. You headbutt the orc, but do no damage.
The orc is almost dead.
There is an open door here.
You hit the orc.
You kill the orc!
You hit the hobgoblin. You headbutt the hobgoblin.
The hobgoblin is severely wounded.
The orc priest looks satisfied for a moment.
The hobgoblin hits you. x2
You barely miss the hobgoblin. You headbutt the hobgoblin.
You kill the hobgoblin!
The orc priest looks encouraged for a moment.
You hit the orc.
The orc is severely wounded.
The orc hits you with a +0 hand axe.
You are too injured to fight recklessly!
You are too injured to fight recklessly!
You are too injured to fight recklessly!
You are too injured to fight recklessly!
You are too injured to fight recklessly!
You are too injured to fight recklessly!
You are too injured to fight recklessly!
You are too injured to fight recklessly!
You are too injured to fight recklessly!
You are too injured to fight recklessly!
Unknown command.
The orc priest begins to cast a cantrip, but forgets the words!
There is an open door here.
You hit the orc.
You kill the orc!
The orc priest calls down the wrath of Beogh upon something.
Beogh smites you!
Ouch! That really hurt!
* * * LOW HITPOINT WARNING * * *
You hit the orc. You headbutt the orc.
You kill the orc!
The orc priest calls down the wrath of Beogh upon something.
Beogh smites you!
You die...

#.# #.# #.#
#.##### #+#
#.....# #.###.#
#..# ##.# ###
##'#######
##...##...##...##
#<.8.oo.8)@..8.>#
##...##...##...##
### ##.#######
##.## #...# #.8.#
#...# ##>## ###


You could see an orc priest and an orc.

Vanquished Creatures
  A worm (D:2)
  3 orcs (D:3)
  3 bats
  5 endoplasms
  5 goblins
  2 hobgoblins
  4 jackals (D:1)
  7 kobolds
  A quokka (D:1)
  3 ball pythons
  A frilled lizard (D:1)
  7 rats
42 creatures vanquished.

Notes
Turn   | Place    | Note
-------+----------+-------------------------------------------
     0 | D:1      | pkoi the Minotaur Gladiator began the quest for the Orb.
     0 | D:1      | Reached XP level 1. HP: 18/18 MP: 0/0
    90 | D:1      | Reached skill level 4 in Long Blades
   132 | D:1      | Reached XP level 2. HP: 25/25 MP: 1/1
   562 | D:1      | Reached skill level 5 in Long Blades
   897 | D:2      | Reached XP level 3. HP: 28/30 MP: 2/2
  1124 | D:2      | Found Zixkicoiro's Antique Armour Shoppe.
  1274 | D:2      | Found a faded altar of an unknown god.
  1689 | D:3      | Killed from afar by an orc priest

Illustrated notes

Levels and vault maps discovered:
D:1:      heliophobic_arrival_enchanted_forest, layout_loops_ring,
          chequers_serial_rivers_micro_d, amcnicky_mini_corridor_feature
D:2:      layout_loops_cross, serial_shops, shop,
          ebering_ecumenical_altar_abandoned
D:3:      layout_loops_corners, st_stairs_14, grunt_ministairs_5

Skill      XL: |  1  2 |
---------------+-------+-----
Long Blades    | 4 5 |  5.6
Fighting       | |  2.4
Throwing       | |  2.0
Dodging        | |  3.2

Action                   || total
-------------------------++-------
Melee: Long sword        ||    61
       Headbutt          ||    10
Armor: Leather armour    ||    17
Dodge: Dodged            ||    24
       Rpst.: Long sword ||     8
